Map: Tropical Sacrifice

Players

MacRoMus - Winner!

  • Race: Protoss Protoss
  • League: Diamond
  • Spawn Location: 7:00

Razvan

  • Race: Protoss Protoss
  • League: Platinum
  • Spawn Location: 1:00

VOD

Have the link to the VOD?

Description

Time

  • Played on: Aug. 20, 2022, 6:33 p.m.
  • Length: 6:35
Show
View Real Time Build Order
Export as new Build Order

MacRoMus Protoss - Winner!

Build Orders: Oracle Opening 

Get SALT Encoding   

  12  0:00  Probe  
  13  0:12  Probe  
  14  0:18  Pylon  
  14  0:27  Probe (Chrono Boost)  
  15  0:40  Gateway  
  16  0:43  Probe (Chrono Boost)  
  16  0:46  Assimilator  
  16  0:47  Probe (Chrono Boost)  
  17  1:07  Pylon  
  17  1:41  Assimilator  
  17  1:42  Probe  
  18  1:47  Assimilator  
  18  1:57  Cybernetics Core  
  18  2:10  Pylon  
  18  2:16  Assimilator  
  18  2:21  Pylon  
  18  2:32  Adept (Chrono Boost)  
  20  2:46  Twilight Council  
  20  2:57  Probe (Chrono Boost)  
  21  3:02  Stargate  
  21  3:09  Probe (Chrono Boost)  
  22  3:16  Adept (Chrono Boost)  
  22  3:18  Probe (Chrono Boost)  
  25  3:23  Probe  
  26  3:29  Pylon  
  26  3:35  Probe  
  27  3:49  Oracle  
  30  4:09  Nexus  
  30  4:40  Warp Gate (Chrono Boost)  
  30  4:52  Gateway  
  30  4:55  Gateway  
  30  4:57  Gateway  
  34  5:14  Shield Battery  
  34  5:17  Void Ray  
  34  5:31  Probe x2  
  34  5:43  Probe x2  
  36  5:55  Probe  
  37  5:58  Probe  
  37  6:02  Pylon  
  38  6:05  Pylon  
  38  6:07  Probe  
  38  6:10  Probe  
  38  6:19  Probe (Chrono Boost)  
  38  6:23  Probe (Chrono Boost)  
  38  6:24  Gateway  
Show
View Real Time Build Order
Export as new Build Order

Razvan Protoss 

Build Orders:  

Get SALT Encoding   

  12  0:01  Probe (Chrono Boost)  
  13  0:10  Probe (Chrono Boost)  
  14  0:21  Pylon  
  14  0:22  Probe  
  15  0:39  Probe  
  15  0:40  Forge  
  16  0:51  Probe  
  17  1:01  Pylon  
  17  1:03  Probe  
  18  1:11  Gateway  
  18  1:20  Photon Cannon  
  18  1:27  Pylon  
  18  1:34  Probe (Chrono Boost)  
  19  1:44  Probe (Chrono Boost)  
  19  1:46  Pylon  
  20  1:56  Probe  
  20  1:59  Zealot  
  23  2:08  Probe (Chrono Boost)  
  24  2:20  Probe (Chrono Boost)  
  25  2:25  Probe (Chrono Boost)  
  25  2:26  Zealot  
  25  2:28  Cybernetics Core  
  28  2:34  Probe  
  29  2:41  Pylon, Assimilator  
  29  2:46  Probe  
  30  2:59  Probe  
  31  3:07  Assimilator  
  31  3:11  Probe  
  32  3:22  Pylon  
  32  3:23  Probe (Chrono Boost)  
  33  3:29  Assimilator  
  33  3:32  Pylon  
  33  3:35  Probe (Chrono Boost)  
  34  3:43  Probe (Chrono Boost)  
  35  3:49  Stargate, Probe  
  36  4:00  Assimilator  
  36  4:01  Probe  
  37  4:03  Nexus  
  37  4:13  Probe  
  37  4:16  Stargate  
  38  4:25  Probe  
  38  4:26  Zealot (Chrono Boost)  
  39  4:38  Probe  
  34  4:46  Stalker (Chrono Boost)  
  34  4:47  Photon Cannon  
  34  4:50  Probe  
  37  5:02  Probe  
  31  5:14  Probe  
  31  5:26  Probe  
  27  5:47  Probe  
  26  5:59  Probe  
  26  6:00  Probe  
  28  6:11  Probe  
  28  6:12  Probe (Chrono Boost)  
  34  6:23  Probe (Chrono Boost)  
Tags
 
Add a new tag
Caveats
  • Supply blocks, unpowered buildings, or Contaminate may cause inaccurate times.
  • Supply counts are checked every 10 seconds.